 Dungeon Crawl Stone Soup version 0.28-a0-592-g6fc52098c6 (webtiles) character file.

Game seed: 7868650924729767297

1425 Johnny the Chiller (level 8, -2/71 HPs)
             Began as a Yellow Draconian Ice Elementalist on Oct 4, 2021.
             Slain by Duvessa (15 damage)
             ... on level 5 of the Dungeon.
             The game lasted 00:03:50 (5186 turns).

Johnny the Chiller (DrIE)                           Turns: 5186, Time: 00:03:51

Health: -2/71      AC: 13    Str: 10    XL:     8   Next: 44%
Magic:  8/16       EV: 12    Int: 17    God:
Gold:   210        SH:  0    Dex: 13    Spells: 11/18 levels left

rFire   . . .      SeeInvis .   j - +2 falchion (pain)
rCold   . . .      Faith    .   (no shield)
rNeg    . . .      Spirit   .   (armour unavailable)
rPois   .          Reflect  .   (helmet restricted)
rElec   .          Harm     .   (no cloak)
rCorr   +          Rampage  .   (no gloves)
Will    .....                   (no boots)
Stlth   ++........              (no amulet)
HPRegen 0.21/turn               (no ring)
MPRegen 0.15/turn               (no ring)

@: ice-armoured, short of breath, freezing walls
A: spit acid, AC +6, unfitting armour, cold-blooded, acid resistance
a: Breathe Acid


You were on level 5 of the Dungeon.
You visited 1 branch of the dungeon, and saw 5 of its levels.

You collected 210 gold pieces.

Inventory:

Hand Weapons
 a - a +0 dagger
 j - a +2 falchion of pain (weapon)
Wands
 i - a wand of polymorph (7)
Scrolls
 b - a scroll of noise {unknown}
 d - 2 scrolls of identify {unknown}
 e - a scroll of fog {unknown}
 f - a scroll of enchant weapon {unknown}
 g - 3 scrolls of brand weapon {unknown}
 l - a scroll of acquirement {unknown}
 m - a scroll of immolation {unknown}
Potions
 c - a potion of mutation {unknown}
 h - a potion of flight {unknown}
 k - a potion of curing {unknown}


   Skills:
 + Level 6.4 Fighting
 - Level 1.7 Dodging
 - Level 1.7 Stealth
 + Level 5.8 Spellcasting
 + Level 7.2 Ice Magic


You had 11 spell levels left.
You knew the following spells:

 Your Spells              Type           Power      Damage    Failure   Level
a - Freeze                Ice            100%       1d11      1%          1
b - Frozen Ramparts       Ice            58%        1d7       1%          3
c - Ozocubu's Armour      Ice            29%        N/A       1%          3

Your spell library contained the following spells:

 Spells                   Type           Power      Damage    Failure   Level
 Hailstorm                Conj/Ice       17%        3d6       28%         4
 Fulminant Prism          Conj/Hex       2%         3d6       78%         4
 Iskenderun's Mystic Bla  Conj/Tloc      4%         2d3       78%         4
 Lee's Rapid Deconstruct  Erth           2%         3d5*      98%         5


Dungeon Overview and Level Annotations

Branches:
Dungeon (5/15)
 Temple: D:4-7

Altars:
Dithmenos
Fedhas
Hepliaklqana
Uskayaw

Annotations:
D:5 Duvessa


Innate Abilities, Weirdness & Mutations

You can spit globs of acid.
Your golden yellow scales are hard. (AC +6)
You cannot fit into any form of body armour.
You are cold-blooded and may be slowed by cold attacks.
You are resistant to acid. (rCorr)


Message History

You feel very sick.
You feel sick.
You feel sick.
You feel sick.
You feel sick.
You feel sick.
You feel sick.
The frozen ramparts melt away.
You feel sick.
You are no longer poisoned.
Duvessa is nearby!
Duvessa is nearby!
Duvessa is nearby!
Duvessa goes berserk!
You hear a shout!
Casting: Freeze (safe; 1% risk of failure)
Confirm with . or Enter, or press ? or * to list all spells.
A film of ice covers your body!
Duvessa rages.
Casting: Ozocubu's Armour (safe; 1% risk of failure)
Confirm with . or Enter, or press ? or * to list all spells.
Casting: Frozen Ramparts (safe; 1% risk of failure)
Press: ? - help, Dir - look around, f - activate The walls around you are covered in ice.
The wall freezes Duvessa. x2; Duvessa hits you with a +0 short sword.
* * * LOW HITPOINT WARNING * * *
Casting: Frozen Ramparts (safe; 1% risk of failure)
Confirm with . or Enter, or press ? or * to list all spells.
Aiming: Freeze (safe; 1% risk of failure)
Press: ? - help, Shift-Dir - straight line, f - Duvessa
Aim: Duvessa, wielding a +0 short sword and wearing a +0 leather armour of fire resistance (lightly wounded, berserk)
You freeze Duvessa!
Duvessa is lightly wounded.
The wall freezes Duvessa.
Duvessa hits you with a +0 short sword.
* * * LOW HITPOINT WARNING * * *
Press: ? - help, Shift-Dir - straight line, f/p - Duvessa
Aim: Duvessa, wielding a +0 short sword and wearing a +0 leather armour of fire resistance (moderately wounded, berserk)
You spit a glob of acid.
The glob of acid hits Duvessa!
Duvessa is moderately wounded.
The wall freezes Duvessa.
Duvessa hits you with a +0 short sword!
You die...

#### ### ...## #.# ...
...###..# #..###.###.#
##....# ###...).....##
###..####............# ##
##.......#....#....##...
####....####............#
##......## #..##....##..###
......#..###.###.e.........
###...##..#..##.@##.).###.
##...#####..##...###..#
....## ####..... .## ....#
#....... .. ^...#
##....##.... ..## #..###
##..> ..#### #.. #.##
.....# ##. .. ......


You could see Duvessa (berserk).

Vanquished Creatures
  Sigmund (D:3)
  A water moccasin (D:5)
  An ice beast (D:4)
  A black bear (D:4)
  2 necrophages
  An ogre (D:4)
  A lemure (D:3)
  2 scorpions
  Dowan (D:5)
  A bullfrog zombie (D:5)
  4 orc priests (D:4)
  Terence (D:3)
  3 iguanas
  A hound skeleton (D:4)
  10 adders
  A howler monkey skeleton (D:4)
  2 adder skeletons (D:4)
  2 worms
  3 dart slugs
  7 orcs (D:4)
  3 bats
  5 endoplasms
  3 giant cockroaches
  5 goblins
  8 hobgoblins
  14 jackals
  8 kobolds
  4 quokkas
  7 ball pythons
  8 frilled lizards
  6 rats
117 creatures vanquished.

Notes
Turn   | Place    | Note
-------+----------+-------------------------------------------
     0 | D:1      | Johnny the Draconian Ice Elementalist began the quest for
                  | the Orb.
     0 | D:1      | Reached XP level 1. HP: 14/14 MP: 3/3
   266 | D:1      | Reached XP level 2. HP: 22/22 MP: 5/5
   273 | D:1      | Reached skill level 1 in Fighting
  1134 | D:2      | Reached XP level 3. HP: 20/28 MP: 3/6
  1284 | D:2      | Learned a level 3 spell: Frozen Ramparts
  1288 | D:2      | Learned a level 3 spell: Ozocubu's Armour
  1491 | D:2      | Found a hide-covered altar of Uskayaw.
  1500 | D:2      | Reached XP level 4. HP: 36/36 MP: 3/8
  2106 | D:3      | Noticed Sigmund
  2118 | D:3      | Killed Sigmund
  2119 | D:3      | Reached skill level 5 in Ice Magic
  2119 | D:3      | Reached XP level 5. HP: 45/45 MP: 1/10
  2119 | D:3      | Reached XP level 6. HP: 51/51 MP: 1/11
  2132 | D:3      | Found a blossoming altar of Fedhas.
  2906 | D:3      | Noticed Grinder
  2915 | D:3      | Noticed Grinder
  2915 | D:3      | Grinder changed into Grinder the lemure
  2923 | D:3      | Killed Grinder the lemure
  3165 | D:3      | Noticed Terence
  3166 | D:3      | Found a shadowy altar of Dithmenos.
  3171 | D:3      | Killed Terence
  3411 | D:4      | Found a hazy altar of Hepliaklqana.
  3421 | D:4      | Your scales start taking on a golden yellow colour.
  3421 | D:4      | Reached XP level 7. HP: 55/60 MP: 7/13
  3421 | D:4      | Gained mutation: You are resistant to acid. (rCorr) [Yellow
                  | Draconian growth]
  3523 | D:4      | Reached skill level 6 in Ice Magic
  3671 | D:4      | Reached skill level 5 in Fighting
  3761 | D:4      | Reached skill level 5 in Spellcasting
  4081 | D:4      | Reached XP level 8. HP: 34/69 MP: 8/15
  4715 | D:5      | Entered Level 5 of the Dungeon
  4789 | D:5      | Reached skill level 7 in Ice Magic
  5146 | D:5      | Noticed Dowan
  5147 | D:5      | Noticed Duvessa
  5158 | D:5      | Killed Dowan
  5186 | D:5      | Slain by Duvessa

Illustrated notes

Levels and vault maps discovered:
D:1:      matt_arrival_grand_opening, layout_rooms, minmay_tetromino_s4
D:2:      layout_loops_ring, basic_altar
D:3:      cheibrodos_old_hovel, layout_rooms, fedhas_altar_2,
          nicolae_dithmenos_shadow_blocks, kennysheep_nondescript,
          grunt_ministairs_8, saegor_snake_ambush, uniq_sigmund, uniq_grinder,
          uniq_terence
D:4:      layout_loops_ring, old_standard_altar
D:5:      layout_layer_cave, moated_statue, uniq_duvessa

Skill      XL: |  1  2  3  4  5  6  7  8 |
---------------+-------------------------+-----
Fighting       | 1 2 3 4 5 6 |  6.4
Spellcasting   | 3 4 5 |  5.8
Ice Magic      | 5 6 7 |  7.2
Dodging        | |  1.7
Stealth        | |  1.7

Action                   |  1- 3 |  4- 6 |  7- 9 || total
-------------------------+-------+-------+-------++-------
Melee: Dagger            |    85 |    94 |       ||   179
       Unarmed           |     5 |       |       ||     5
       Tailslap          |     5 |    13 |    13 ||    31
       Falchion          |       |    10 |   104 ||   114
 Cast: Freeze            |    26 |    33 |    33 ||    92
       Frozen Ramparts   |       |     7 |    12 ||    19
       Ozocubu's Armour  |       |       |     2 ||     2
 Abil: Breathe Acid      |       |       |     1 ||     1
Evoke: Wand              |       |     1 |       ||     1
 Stab: Sleeping          |     2 |     2 |     1 ||     5
Armor: Skin              |    28 |    54 |    46 ||   128
Dodge: Dodged            |    74 |    81 |    86 ||   241

Table legend: (Time is in decaauts)
 A = Elapsed time spent in this place.
 B = Non-inter-level travel time spent in this place.
 C = Inter-level travel time spent in this place.
 D = Time resting spent in this place.
 E = Time spent auto-exploring this place.
 F = Levels seen in this place.
 G = Mean time per level.
                   A        B        C        D        E       F      G
               +--------+--------+--------+--------+--------+-----+--------+
         Total |   5250 |   5162 |     88 |     99 |   4222 |   5 | 1050.0 |
       Dungeon |   5250 |   5162 |     88 |     99 |   4222 |   5 | 1050.0 |
               +--------+--------+--------+--------+--------+-----+--------+

Top non-repeatable levels by time:
     D:3: 1347 daAuts
     D:4: 1337 daAuts
     D:1: 1089 daAuts
     D:2: 996 daAuts
     D:5: 479 daAuts
